Map: Acropolis LE

Players

Elazer - Winner!

  • Race: Zerg Zerg
  • League: Master
  • Spawn Location: 11:00

PtitDrogo

  • Race: Protoss Protoss
  • League: Grandmaster
  • Spawn Location: 5:00

Event: NationWars 2019

VOD

Have the link to the VOD?

Description

Time

  • Played on: Nov. 14, 2019, 11:35 a.m.
  • Length: 13:34
Show
View Real Time Build Order
Export as new Build Order

Elazer Zerg - Winner!

Build Orders: Hatch First 

Get SALT Encoding   

  12  0:00  Drone  
  13  0:12  Overlord  
  13  0:17  Drone  
  14  0:30  Drone x2  
  16  0:47  Hatchery  
  15  0:51  Drone  
  15  0:55  Drone  
  17  0:58  Drone  
  18  1:09  Extractor  
  17  1:13  Spawning Pool  
  17  1:16  Drone  
  17  1:19  Drone  
  18  1:27  Drone  
  19  1:39  Drone  
  20  1:49  Drone  
  21  2:00  Queen x2  
  25  2:01  Zergling x2, Overlord  
  26  2:11  Zergling x2  
  26  2:12  Drone  
  28  2:21  Drone x2  
  30  2:28  Hatchery  
  29  2:34  Drone x2  
  31  2:40  Queen  
  33  2:45  Metabolic Boost  
  33  2:49  Overlord  
  33  2:52  Drone  
  33  2:55  Drone  
  33  2:57  Drone  
  36  3:07  Overlord  
  36  3:08  Drone x2  
  36  3:09  Drone  
  36  3:11  Drone  
  36  3:12  Drone  
  41  3:13  Drone  
  41  3:19  Queen  
  42  3:25  Drone  
  42  3:26  Drone  
  47  3:27  Drone  
  47  3:32  Drone x2  
  49  3:35  Spore Crawler  
  49  3:39  Drone  
  53  3:41  Drone x4  
  53  3:45  Drone  
  53  3:46  Overlord  
  54  3:54  Drone x2  
  56  4:01  Spore Crawler  
  56  4:02  Overlord  
  55  4:03  Spore Crawler  
  55  4:04  Drone x4  
  55  4:08  Drone  
  55  4:09  Lair  
  57  4:13  Drone x2  
  57  4:14  Drone  
  57  4:15  Drone  
  61  4:19  Queen  
  61  4:23  Drone x3  
  66  4:26  Overlord  
  66  4:34  Extractor  
  66  4:35  Extractor, Evolution Chamber  
  66  4:38  Drone x7  
  68  4:42  Drone  
  68  4:49  Drone x2, Overlord  
  68  4:50  Overlord  
  68  4:51  Extractor  
  68  4:52  Drone x3  
  72  4:55  Queen  
  74  5:02  Zergling x4  
  74  5:03  Drone x5  
  74  5:06  Extractor  
  80  5:08  Zerg Melee Weapons Level 1  
  80  5:09  Drone, Hydralisk Den  
  80  5:12  Baneling Nest  
  79  5:15  Overlord  
  79  5:16  Drone  
  79  5:19  Extractor  
  79  5:22  Drone x2  
  79  5:23  Drone  
  79  5:26  Drone  
  83  5:30  Drone x2  
  85  5:38  Muscular Augments, Hydralisk  
  85  5:39  Hydralisk x2  
  85  5:41  Pneumatized Carapace  
  91  5:43  Hydralisk  
  91  5:45  Hatchery  
  91  5:47  Overseer  
  92  5:56  Overlord  
  91  6:01  Drone x10  
  101  6:07  Drone x2  
  101  6:08  Centrifical Hooks  
  103  6:12  Overseer  
  103  6:13  Overlord  
  103  6:14  Hydralisk x3  
  109  6:19  Overlord  
  109  6:21  Hydralisk x2  
  109  6:23  Overlord x2  
  113  6:26  Overlord  
  113  6:32  Hydralisk x4  
  113  6:38  Overlord  
  121  6:43  Zergling x8  
  121  6:46  Hydralisk x2  
  126  6:49  Grooved Spines, Baneling x3  
  126  6:53  Hydralisk x3  
  134  6:55  Overlord  
  134  6:58  Zergling x10  
  139  7:04  Zerg Melee Weapons Level 2  
  139  7:05  Zergling x2  
  139  7:06  Baneling x4  
  140  7:09  Overlord  
  140  7:10  Hydralisk  
  140  7:14  Zergling x10  
  147  7:16  Baneling x4  
  147  7:20  Zergling x14  
  154  7:26  Zergling x4, Extractor  
  155  7:35  Zergling x12  
  155  7:36  Baneling x3  
  155  7:37  Baneling x8  
  158  7:41  Zergling x4  
  150  7:48  Zergling x18  
  142  7:57  Hydralisk x5  
  142  7:58  Hydralisk x3  
  154  8:03  Hydralisk  
  154  8:05  Zergling x4  
  143  8:09  Zergling x4  
  137  8:14  Zergling x8  
  137  8:16  Baneling x8  
  137  8:19  Zergling x8  
  137  8:21  Zergling x2  
  138  8:27  Zergling x4  
  138  8:33  Zergling x10  
  145  8:35  Baneling x11  
  145  8:37  Zergling x4  
  145  8:40  Baneling x2  
  147  8:41  Zergling x2  
  147  8:45  Zergling x14  
  147  8:46  Baneling x4  
  155  8:49  Zergling x4  
  147  8:56  Zergling x6  
  147  9:02  Zergling x8  
  152  9:04  Baneling x10  
  147  9:15  Zergling x18  
  142  9:24  Zergling x10  
  142  9:31  Hydralisk x6  
  126  9:38  Hydralisk x3  
  103  9:45  Zergling x2  
  103  9:46  Zergling x12  
  103  9:52  Hydralisk x2  
  93  9:58  Hydralisk x2  
  91  10:00  Zergling x2  
  88  10:07  Drone x4  
  88  10:09  Drone  
  88  10:11  Baneling x4  
  88  10:12  Baneling  
  88  10:13  Baneling  
  93  10:19  Zergling x10  
  98  10:24  Baneling  
  98  10:25  Baneling x6  
  98  10:28  Zergling x6  
  100  10:44  Zergling x14  
  104  10:54  Hydralisk x4  
  95  11:01  Drone  
  95  11:02  Queen x3  
  95  11:03  Drone x2  
  103  11:08  Queen  
  105  11:12  Drone x2  
  105  11:14  Drone x2  
  109  11:21  Drone  
  109  11:22  Drone  
  109  11:23  Drone  
  112  11:38  Hydralisk x6  
  124  11:48  Baneling x4  
  124  11:49  Hydralisk x4  
  124  11:53  Baneling x4  
  132  11:55  Baneling x4  
  132  11:56  Hydralisk x3  
  132  12:00  Baneling x7  
  138  12:02  Zergling x2  
  138  12:08  Zergling x6  
  142  12:14  Zergling x20  
  152  12:16  Overseer  
  151  12:26  Zergling x8  
  154  12:36  Zergling x14  
  160  12:37  Baneling  
  160  12:38  Baneling x16  
  159  12:52  Zergling x10  
  164  13:00  Overlord x3  
  164  13:07  Hatchery  
  164  13:11  Zergling x8  
  167  13:13  Baneling x13  
Show
View Real Time Build Order
Export as new Build Order

PtitDrogo Protoss 

Build Orders: 1 Gate Expand, Oracle Opening, Archon Immortal 

Get SALT Encoding   

  12  0:00  Probe  
  13  0:13  Probe  
  14  0:21  Pylon  
  14  0:25  Probe  
  15  0:39  Probe (Chrono Boost)  
  16  0:43  Gateway  
  16  0:48  Probe (Chrono Boost), Assimilator  
  17  0:53  Probe (Chrono Boost)  
  18  1:05  Probe  
  19  1:17  Probe  
  20  1:25  Nexus  
  20  1:37  Cybernetics Core  
  20  1:38  Probe  
  21  1:42  Assimilator  
  21  1:50  Probe  
  21  1:52  Pylon  
  22  2:02  Probe  
  23  2:10  Adept (Chrono Boost)  
  23  2:15  Probe  
  26  2:17  Stargate  
  26  2:26  Warp Gate  
  26  2:27  Probe (Chrono Boost)  
  27  2:34  Stalker  
  29  2:38  Probe (Chrono Boost)  
  29  2:39  Probe (Chrono Boost)  
  31  2:47  Probe x2 (Chrono Boost)  
  33  2:52  Probe (Chrono Boost)  
  33  2:53  Probe  
  35  3:00  Oracle (Chrono Boost)  
  35  3:04  Probe  
  35  3:05  Probe  
  40  3:10  Pylon  
  40  3:16  Probe  
  40  3:17  Probe  
  42  3:28  Probe  
  42  3:29  Oracle (Chrono Boost), Probe  
  47  3:35  Gateway  
  47  3:40  Probe  
  48  3:41  Probe  
  48  3:45  Nexus  
  49  3:49  Pylon  
  49  3:52  Probe  
  49  3:53  Probe  
  51  4:00  Assimilator  
  51  4:02  Assimilator  
  51  4:04  Probe  
  52  4:10  Probe  
  52  4:12  Twilight Council  
  52  4:13  Forge  
  53  4:18  Robotics Facility  
  53  4:21  Probe (Chrono Boost)  
  55  4:27  Probe (Chrono Boost)  
  55  4:28  Sentry  
  55  4:30  Pylon, Adept  
  59  4:33  Probe (Chrono Boost)  
  59  4:37  Probe (Chrono Boost)  
  59  4:38  Probe (Chrono Boost)  
  62  4:47  Gateway  
  62  4:48  Protoss Ground Weapons Level 1 (Chrono Boost), Probe (Chrono Boost)  
  62  4:49  Probe (Chrono Boost), Gateway  
  62  4:50  Charge  
  64  4:57  Probe (Chrono Boost)  
  65  5:06  Observer (Chrono Boost), Probe (Chrono Boost)  
  69  5:07  Probe (Chrono Boost)  
  69  5:09  Probe (Chrono Boost)  
  69  5:11  Pylon  
  69  5:12  Probe x2 (Chrono Boost)  
  70  5:15  Gateway  
  70  5:16  Gateway  
  70  5:17  Probe  
  72  5:22  Immortal  
  72  5:24  Probe x2  
  78  5:29  Probe  
  78  5:32  Assimilator  
  78  5:34  Assimilator  
  78  5:35  Templar Archives  
  79  5:36  Probe x2  
  79  5:38  Pylon  
  81  5:44  Observer  
  81  5:47  Gateway x2  
  81  5:50  Pylon, Probe  
  81  5:51  Probe  
  81  6:04  Probe  
  81  6:05  Warp Prism (Chrono Boost)  
  81  6:06  Probe  
  81  6:07  Probe  
  85  6:12  High Templar x4, Zealot  
  85  6:13  Zealot  
  85  6:16  Probe, Archon  
  85  6:17  Archon  
  98  6:22  Nexus  
  98  6:24  Pylon  
  98  6:37  Gateway  
  98  6:38  Probe  
  99  6:41  Protoss Ground Weapons Level 2 (Chrono Boost), Gateway  
  99  6:44  High Templar  
  99  6:45  High Templar, Probe  
  104  6:47  Pylon  
  104  6:48  Archon  
  104  6:49  Zealot x3  
  104  6:50  Pylon  
  104  6:51  Pylon  
  110  7:00  Zealot x2  
  110  7:01  Zealot  
  116  7:04  Probe  
  116  7:05  Probe  
  116  7:07  Pylon, Probe  
  119  7:09  Photon Cannon  
  119  7:12  Pylon  
  119  7:16  Probe  
  119  7:17  High Templar x2  
  119  7:18  High Templar x2  
  119  7:20  Probe x2  
  119  7:22  Archon x2  
  130  7:29  Probe  
  131  7:30  Pylon  
  131  7:34  Zealot x6  
  129  7:51  Zealot x4  
  122  7:53  Immortal  
  122  7:57  Zealot x6  
  124  8:11  Probe  
  117  8:16  High Templar x4  
  121  8:25  Psionic Storm  
  121  8:26  Probe, Assimilator  
  118  8:27  Pylon, Assimilator  
  118  8:31  Probe  
  118  8:33  Photon Cannon, Immortal (Chrono Boost)  
  118  8:34  Shield Battery  
  119  8:37  Zealot x6  
  135  8:46  Archon x2  
  133  8:48  Zealot x3  
  133  8:49  Zealot  
  126  8:58  Zealot x6  
  126  9:02  Immortal (Chrono Boost)  
  128  9:12  High Templar  
  128  9:13  High Templar  
  128  9:14  High Templar x2  
  136  9:20  Zealot x4  
  136  9:21  Zealot  
  136  9:28  Zealot  
  95  9:42  Zealot x5  
  95  9:43  Probe  
  60  9:46  Zealot x2  
  60  9:47  Zealot x2  
  60  9:48  Probe  
  60  9:49  Probe  
  62  9:55  Probe  
  55  10:00  High Templar, Probe  
  55  10:01  Probe  
  55  10:03  High Templar x4  
  67  10:07  Probe  
  67  10:10  Warp Prism (Chrono Boost)  
  67  10:12  Probe  
  67  10:13  Probe  
  72  10:19  Probe  
  72  10:21  High Templar x2  
  73  10:24  Probe, Archon  
  73  10:25  Archon  
  73  10:26  Probe, Zealot x2  
  78  10:44  High Templar x2, Zealot x4  
  78  10:47  Zealot  
  90  10:53  Archon x2  
  90  10:54  Zealot x3  
  78  11:06  High Templar x2  
  78  11:07  Zealot x3  
  78  11:10  Probe x2  
  90  11:15  High Templar  
  92  11:26  Nexus  
  92  11:28  Pylon  
  92  11:32  High Templar  
  92  11:33  High Templar, Zealot x2  
  92  11:39  Probe x3  
  103  11:52  Shield Battery  
  103  11:54  Shield Battery  
  103  11:57  Probe  
  104  12:05  Zealot  
  107  12:08  Probe  
  107  12:15  High Templar  
  109  12:16  High Templar, Sentry  
  109  12:17  Stalker x3  
  115  12:26  Stalker  
  115  12:27  Stalker x2  
  121  12:33  Probe  
  121  12:35  Probe x2  
  113  12:39  Probe  
  114  12:45  Probe (Chrono Boost)  
  114  12:47  Probe (Chrono Boost)  
  114  12:49  Probe (Chrono Boost)  
  108  12:51  Probe (Chrono Boost)  
  108  12:57  Probe (Chrono Boost)  
  111  12:59  Probe (Chrono Boost)  
  111  13:03  Probe (Chrono Boost)  
  111  13:05  Probe x2 (Chrono Boost)  
  114  13:06  Probe (Chrono Boost)  
  114  13:07  Assimilator  
  114  13:08  Probe (Chrono Boost)  
  114  13:11  Assimilator  
  114  13:12  High Templar x2  
  120  13:19  Stalker  
  120  13:21  Stalker  
  120  13:23  Zealot  
Tags
 
Add a new tag
Caveats
  • Supply blocks, unpowered buildings, or Contaminate may cause inaccurate times.
  • Supply counts are checked every 10 seconds.